 Dungeon Crawl Stone Soup version 0.28-a0-1143-gcf6077d4cc (webtiles) character file.

Game seed: 12778334394288509364

788 ytrimaz the Chopper (level 8, -6/93 HPs)
             Began as a Formicid Fighter on Dec 13, 2021.
             Mangled by a wyvern (11 damage)
             ... on level 7 of the Dungeon.
             The game lasted 00:04:33 (4458 turns).

ytrimaz the Chopper (Formicid Fighter)              Turns: 4458, Time: 00:04:33

Health: -6/93      AC: 24    Str: 25    XL:     8   Next: 12%
Magic:  8/8        EV:  2    Int:  8    God:
Gold:   125        SH:  0    Dex: 12    Spells: 7/7 levels left

rFire   . . .      SeeInvis .   a - +0 war axe
rCold   . . .      Faith    .   c - +0 buckler
rNeg    . . .      Spirit   .   (armour currently unavailable)
rPois   +          Reflect  .   (helmet unavailable)
rElec   .          Harm     .   (cloak currently unavailable)
rCorr   .          Rampage  .   (gloves currently unavailable)
Will    .....                   (boots currently unavailable)
Stlth   +.........              (no amulet)
HPRegen 0.25/turn               (no ring)
MPRegen 0.11/turn               (no ring)

@: confused, tree-form, ambrosia-drunk, attractive
A: stationary, stasis, torment immunity, boosted hp, permanent stasis, dig
shafts and tunnels, (antennae 3), four strong arms, agile 1, strong 1
a: no special abilities


You were on level 7 of the Dungeon.
You were a tree.
You visited 1 branch of the dungeon, and saw 5 of its levels.
You also visited: Sewer.

You collected 125 gold pieces.

Inventory:

Hand Weapons
 a - a +0 war axe (weapon)
Armour
 c - a +0 buckler (worn)
 k - a +0 pair of boots (melded)
 o - a +0 chain mail of fire resistance (melded)
 s - a +0 tower shield
Scrolls
 h - a scroll of enchant weapon
 q - 3 scrolls of amnesia
Potions
 b - a potion of cancellation
 d - a potion of attraction
 e - a potion of magic
 f - a potion of lignification
 g - a potion of mutation
 i - 2 potions of degeneration {unknown}
 l - 3 potions of might
 m - 3 potions of heal wounds {unknown}
 n - a potion of haste {unknown}
 p - a potion of resistance {unknown}
 r - a potion of brilliance {unknown}


   Skills:
 + Level 5.1 Fighting
 + Level 6.5 Axes
 + Level 5.8 Armour
 * Level 3.7 Shields


You had 7 spell levels left.
You didn't know any spells.
Your spell library contained the following spells:

 Spells                   Type           Power      Damage    Failure   Level
 Dazzling Flash           Conj/Hex       0%         N/A       78%         3
 Gell's Gravitas          Tloc           0%         N/A       78%         3
 Teleport Other           Tloc           0%         N/A       78%         3
 Summon Lightning Spire   Summ/Air       0%         N/A       99%         4
 Agony                    Necr           0%         N/A       100%        5
 Silence                  Hex/Air        0%         N/A       100%        5
 Dispersal                Tloc           0%         N/A       100%        6
 Storm Form               Tmut/Air       0%         N/A       100%        7
 Maxwell's Capacitive Co  Air            0%         ∞         100%        8


Dungeon Overview and Level Annotations

Branches:
Dungeon (4/15)              Sewer (visited)
 Temple: D:4-7

Altars:
Cheibriados
Makhleb
Nemelex Xobeh
Vehumet
Xom
Zin

Shops:
D:3 =   D:7 =


Innate Abilities, Weirdness & Mutations

You are a tree.
Your roots penetrate the ground, keeping you stationary.
You cannot be teleported.
You are immune to unholy pain and torment.
Your maximum health is greatly increased.
Your equipment is partially melded.
You cannot be hasted, slowed, berserked, paralysed or teleported.
You can dig through walls and to a lower floor.
((You have a pair of large antennae on your head. (SInv)))
Your four strong arms can wield two-handed weapons with a shield.
You are agile. (Dex +2)
Your muscles are strong. (Str +2)


Message History

* * * LOW HITPOINT WARNING * * *
There is an open door here.
Unknown command.
There is an entrance to Hitesiuh's Jewellery Emporium here.
It was a potion of lignification.
You turn into a tree.
Your +0 pair of boots melds into your body.
Your +0 chain mail of fire resistance melds into your body.
You feel less resistant to fire.
Your roots penetrate the ground.
You block the wyvern's attack. The wyvern bites you.
* * * LOW HITPOINT WARNING * * *
Unknown command.
It was a potion of cancellation.
Your magical effects are unravelling.
You feel magically purged.
You feel less wooden.
Your +0 pair of boots unmelds from your body.
Your +0 chain mail of fire resistance unmelds from your body.
You feel resistant to fire. The wyvern bites you.
* * * LOW HITPOINT WARNING * * *
Really quaff the potion of lignification?
You turn into a tree.
Your +0 pair of boots melds into your body.
Your +0 chain mail of fire resistance melds into your body.
You feel less resistant to fire.
Your roots penetrate the ground.
The wyvern completely misses you. The wyvern barely misses you.
Unknown command.
It was a potion of attraction.
You feel attractive to monsters.
The wyvern bites you but does no damage.
It was a potion of magic.
Magic courses through your body.
The wyvern bites you but does no damage.
The wyvern bites you.
* * * LOW HITPOINT WARNING * * *
It was a potion of mutation.
You feel extremely strange.
You feel agile.
You feel stronger.
The wyvern bites you but does no damage.
It was a potion of ambrosia.
You are confused.
You feel invigorated. The wyvern bites you!
You die... ##### #YYY#

#l#.#####
+♣+{....#
#+#.Y...#
#.......###
+.....{..".
#.....Y.###
#.......##{...
#.......# ...Y
+?....... ...
#.......## ..


You could see 2 yaks and a wyvern.

Vanquished Creatures
  Sigmund (D:2)
  A phantom (D:4)
  A kobold brigand (Sewer)
  2 scorpions (D:4)
  A bullfrog zombie (D:3)
  Natasha (twice) (D:2)
  An iguana (D:3)
  3 gnolls (D:2)
  8 adders
  6 river rats
  5 worms
  2 dart slugs (D:1)
  An orc (D:3)
  5 endoplasms
  2 giant cockroaches
  2 hobgoblins
  3 quokkas
  11 ball pythons
  4 bats
  8 frilled lizards
  6 goblins
  20 kobolds
  29 rats
124 creatures vanquished.

Vanquished Creatures (others)
  67 plants (D:2)
67 creatures vanquished.

Grand Total: 191 creatures vanquished

Notes
Turn   | Place    | Note
-------+----------+-------------------------------------------
     0 | D:1      | ytrimaz the Formicid Fighter began the quest for the Orb.
     0 | D:1      | Reached XP level 1. HP: 18/18 MP: 1/1
   121 | D:1      | Found a faded altar of an unknown god.
   190 | D:1      | Reached XP level 2. HP: 23/24 MP: 2/2
   652 | D:1      | Reached XP level 3. HP: 29/30 MP: 3/3
  1120 | D:2      | Noticed Sigmund
  1132 | D:2      | Killed Sigmund
  1133 | D:2      | Reached skill level 4 in Axes
  1133 | D:2      | Reached XP level 4. HP: 16/37 MP: 4/4
  1133 | D:2      | Reached XP level 5. HP: 18/42 MP: 5/5
  1332 | D:2      | Reached XP level 6. HP: 35/48 MP: 6/6
  1646 | D:2      | Found a shimmering altar of Xom.
  1674 | D:2      | Noticed Natasha
  1682 | D:2      | Killed Natasha
  2173 | D:2      | Noticed Natasha
  2184 | D:2      | Killed Natasha
  2185 | D:2      | Reached skill level 5 in Armour
  2555 | D:3      | Reached skill level 5 in Axes
  2590 | D:3      | Reached XP level 7. HP: 55/55 MP: 7/7
  2712 | D:3      | Found a glowing drain.
  2718 | Sewer    | Entered a sewer
  3986 | D:3      | Found Zauqoef's Jewellery Shoppe.
  4288 | D:4      | Found a snail-covered altar of Cheibriados.
  4288 | D:4      | Found a sparkling altar of Nemelex Xobeh.
  4288 | D:4      | Found a glowing silver altar of Zin.
  4291 | D:4      | Found a burning altar of Makhleb.
  4301 | D:4      | Reached skill level 6 in Axes
  4302 | D:4      | Found a shimmering altar of Xom.
  4302 | D:4      | Found a radiant altar of Vehumet.
  4393 | D:4      | Reached skill level 5 in Fighting
  4393 | D:4      | Reached XP level 8. HP: 62/62 MP: 8/8
  4440 | D:4      | You fall into a shaft and drop 3 floors!
  4440 | D:7      | Noticed a wyvern
  4440 | D:7      | Noticed a yak
  4442 | D:7      | Noticed a yak
  4442 | D:7      | Noticed a yak
  4443 | D:7      | Noticed a yak
  4449 | D:7      | Found Hitesiuh's Jewellery Emporium.
  4453 | D:7      | HP: 2/62 [wyvern (6)]
  4457 | D:7      | Gained mutation: You are agile. (Dex +2) [potion of
                  | mutation]
  4457 | D:7      | Gained mutation: Your muscles are strong. (Str +2) [potion
                  | of mutation]
  4458 | D:7      | Mangled by a wyvern

Illustrated notes

Levels and vault maps discovered:
D:1:      saegor_arrival_simple_c, layout_basic, serial_curves, eino_curves_03,
          eino_curves_02, ebering_ecumenical_altar_abandoned
D:2:      layout_loops_cross, basic_altar, serial_bayou, serial_bayou_shore_b,
          serial_bayou_pond_c, serial_bayou_ford_a, serial_bayou_pond_b,
          serial_bayou_lagoon_a, serial_bayou_pond_e, chequers_mini_garden,
          uniq_natasha, uniq_sigmund
D:3:      layout_loops_ring, serial_shops, shop_fountains,
          lightli_sewer_entry_pipes
D:4:      layout_cave_pools, minmay_overflow_temple_hex, serial_bayou_pond_d
D:7:      layout_basic, serial_shops, nicolae_shop_behind_doors,
          nicolae_underground_beach, uniq_pikel

Skill      XL: |  1  2  3  4  5  6  7 |
---------------+----------------------+-----
Fighting       | 4 5 |  5.1
Axes           | 4 5 6 |  6.5
Armour         | 4 5 |  5.8
Shields        | |  3.7

Action                   |  1- 3 |  4- 6 |  7- 9 || total
-------------------------+-------+-------+-------++-------
Melee: War axe           |    61 |   118 |   185 ||   364
 Abil: Dig               |       |     1 |       ||     1
  Use: Scroll            |     2 |     2 |     5 ||     9
       Potion            |     1 |       |    10 ||    11
Armor: Scale mail        |    27 |    34 |    51 ||   112
       Chain mail        |       |       |    65 ||    65
       Skin              |       |       |     3 ||     3
Dodge: Dodged            |    35 |    55 |    92 ||   182
Block: Buckler           |     8 |    30 |    49 ||    87

Table legend: (Time is in decaauts)
 A = Elapsed time spent in this place.
 B = Non-inter-level travel time spent in this place.
 C = Inter-level travel time spent in this place.
 D = Time resting spent in this place.
 E = Time spent auto-exploring this place.
 F = Levels seen in this place.
 G = Mean time per level.
                   A        B        C        D        E       F      G
               +--------+--------+--------+--------+--------+-----+--------+
         Total |   4625 |   4568 |     57 |    376 |   3093 |   6 |  770.8 |
       Dungeon |   3470 |   3413 |     57 |    230 |   2422 |   5 |  694.0 |
         Sewer |   1154 |   1154 |      0 |    146 |    670 |   1 | 1154.0 |
               +--------+--------+--------+--------+--------+-----+--------+

Top non-repeatable levels by time:
     D:2: 1394 daAuts
   Sewer: 1154 daAuts
     D:1: 1012 daAuts
     D:3: 890 daAuts
     D:4: 156 daAuts
     D:7: 17 daAuts
